 Dungeon Crawl Stone Soup version 0.22-a0-396-g3f858e3 (webtiles) character file.

189 Serpenta the Chopper (level 5, -1/48 HPs)
             Began as a Deep Dwarf Chaos Knight on May 3, 2018.
             Slain by an ogre
             ... wielding a +0 giant club
              (16 damage)
             ... on level 3 of the Dungeon.
             The game lasted 00:06:22 (2761 turns).

Serpenta the Chopper (Deep Dwarf Chaos Knight)      Turns: 2761, Time: 00:06:22

Health: -1/48      AC:  8    Str: 16    XL:     5   Next: 40%
Magic:  5/5        EV: 11    Int: 13    God:    Xom [......]
Gold:   205        SH:  0    Dex: 12    Spells: 4/4 levels left

rFire    . . .     SeeInvis .   o - +0 hand axe
rCold    . . .     Gourm    .   (no shield)
rNeg     . . .     Faith    .   b - +2 leather armour
rPois    .         Spirit   .   l - +2 helmet
rElec    .         Reflect  .   (no cloak)
rCorr    .         Harm     .   (no gloves)
MR       +....     Rnd*Tele +   (no boots)
Stlth    +.........             (no amulet)
HPRegen  0.00/turn              g - ring of protection from magic
MPRegen  0.09/turn              n - ring of teleportation (curse)

@: non-regenerating
A: damage resistance, heal wounds, sense surroundings 1, no regeneration
a: Heal Wounds, Renounce Religion


You were on level 3 of the Dungeon.
You worshipped Xom.
You were a very special plaything of Xom.
You were near starving.

You visited 1 branch of the dungeon, and saw 4 of its levels.

You collected 205 gold pieces.


Innate Abilities, Weirdness & Mutations

You are resistant to damage.
You can heal yourself by infusing magical energy.
You passively map a small area around you.
You do not regenerate.


   Skills:
 - Level 2.8 Fighting
 + Level 6.5 Axes
 - Level 2.4 Armour
 - Level 1.4 Dodging


You had 4 spell levels left.
You didn't know any spells.

Action                   |  1- 3 |  4- 6 || total
-------------------------+-------+-------++-------
Melee: Hand axe          |    74 |   121 ||   195
Throw: Tomahawk          |       |     5 ||     5
 Abil: Heal Wounds       |       |     2 ||     2
  Use: Scroll            |     2 |     6 ||     8
  Eat: Ration            |       |     1 ||     1
       Chunk             |       |     1 ||     1
Armor: Leather armour    |    24 |    39 ||    63
Dodge: Dodged            |    43 |    60 ||   103

Inventory:

Hand Weapons
 a - a +0 hand axe of chaos
 o - a +0 hand axe (weapon)
Missiles
 d - 5 tomahawks (quivered)
Armour
 b - a +2 leather armour (worn)
 l - a +2 helmet (worn)
Jewellery
 g - a ring of protection from magic (left hand)
 i - an uncursed ring of resist corrosion
 n - a cursed ring of teleportation (right hand)
 p - an uncursed ring of protection from fire
Scrolls
 k - a scroll of identify
 m - a scroll of enchant armour
Potions
 e - 2 potions of flight
 f - 2 potions of heal wounds
 h - a potion of mutation
 j - a potion of haste
Comestibles
 c - 4 rations

.......#.##.....#.#.# #...#.####
.......#.##.###.#.#.# #...#....#
#......#.##.......#.# #...#....#
########.##..###..#.# #...#....#
# #.##.......#.# #...#.#### #
######.##.#####)#.####...#.#### #
#...........# #...............#
###.####......####..............#
....# #........@O.>............#
#########.....#####.............#
..............# #.............#
########......# #)............# #
#......# #.............# ####
##......#####.............# ...#
#...##....................# ##.#
#...##....................# ##.#
#...##............##.####.#


You could see an ogre.

Vanquished Creatures
  A hound (D:2)
  Natasha (D:2)
  4 gnolls (D:3)
  4 adders
  An ooze (D:3)
  A worm (D:2)
  A dart slug (D:3)
  A leopard gecko (D:3)
  6 bats
  2 giant cockroaches
  4 hobgoblins
  2 jackals (D:1)
  A ball python (D:1)
  5 frilled lizards
  6 goblins
  10 kobolds
  5 rats
55 creatures vanquished.

Vault maps used:
D:1:      mrwooster_arrival_statue_2
D:2:      lightli_temple_of_fire, nicolae_qazlal_general_emergency, uniq_natasha
D:3:      marbit_many_paths, first_ration, serial_glass, glass_columns_a,
          glass_columns_a
D:4:      overflow_temple_1_default, serial_shops, nicolae_shop_behind_doors,
          nicolae_ru_the_path_less_chosen, uniq_duvessa


Message History

The ogre hits you with a giant club!!
You barely miss the ogre.
The ogre is moderately wounded.
You hit the ogre but do no damage.
The ogre is moderately wounded.
The ogre hits you with a giant club.
You are near starving!
You hit the ogre but do no damage.
The ogre is moderately wounded.
The ogre closely misses you.
You barely miss the ogre.
The ogre is moderately wounded.
The ogre barely misses you.
You hit the ogre.
The ogre is moderately wounded.
You hit the ogre.
The ogre is heavily wounded.
The ogre hits you with a giant club!!
You die...
Xom titters!

Notes
Turn   | Place    | Note
-------+----------+-------------------------------------------
     0 | D:1      | Serpenta the Deep Dwarf Chaos Knight began the quest for the Orb.
     0 | D:1      | Reached XP level 1. HP: 20/20 MP: 1/1
   183 | D:1      | Reached XP level 2. HP: 27/27 MP: 2/2
   440 | D:1      | XOM: silly message
   569 | D:1      | Reached skill level 4 in Axes
   809 | D:2      | Found a stormy altar of Qazlal.
   836 | D:2      | Reached XP level 3. HP: 24/33 MP: 3/3
   946 | D:2      | XOM: god gift: ration {god gift}
   985 | D:2      | Reached skill level 5 in Axes
  1031 | D:2      | Reached XP level 4. HP: 30/40 MP: 4/4
  1126 | D:2      | XOM: harmless Air miscast
  1157 | D:2      | XOM: harmless Necr miscast
  1335 | D:2      | Found a bloodstained altar of Trog.
  1411 | D:2      | Noticed Natasha
  1419 | D:2      | Killed Natasha
  1606 | D:3      | XOM: confusion
  1639 | D:3      | XOM: 8-stop teleportation journey
  1658 | D:3      | XOM: polymorph orc -> leopard gecko
  1744 | D:3      | Reached skill level 6 in Axes
  1744 | D:3      | Reached XP level 5. HP: 44/48 MP: 5/5
  2210 | D:3      | XOM: mild Conj miscast
  2347 | D:3      | Found a glowing silver altar of Zin.
  2531 | D:3      | XOM: medium Erth miscast
  2741 | D:4      | Noticed Duvessa
  2741 | D:4      | Noticed Dowan
  2741 | D:4      | Noticed an ogre
  2743 | D:3      | XOM: blink monster(s)
  2752 | D:3      | XOM: harmless Chrm miscast
  2761 | D:3      | Slain by an ogre
